 Dungeon Crawl Stone Soup version 0.18.1-50-g88ac8fd (webtiles) character file.

93590 grisgris the Covert (level 15, 0/112 HPs)
             Began as a Vampire Enchanter on Oct 22, 2016.
             Was the Champion of Sif Muna.
             Slain by an earth elemental (33 damage)
             ... summoned by a deep elf mage
             ... on level 1 of the Elven Halls.
             The game lasted 02:38:02 (37491 turns).

grisgris the Covert (Vampire Enchanter)            Turns: 37491, Time: 02:38:02

Health: 0/112      AC: 19    Str: 17    XL:     15   Next: 61%
Magic:  7/30       EV: 20    Int: 23    God:    Sif Muna [******]
Gold:   897        SH:  8    Dex: 16    Spells: 9 memorised, 2 levels left

rFire  + . .     SeeInvis +     a - +6 dagger (venom)
rCold  + + +     Gourm    .     X - +1 robe of Desa {rC+ Str+5}
rNeg   + + +     Faith    .     A - +3 buckler {AC+3}
rPois  +         Spirit   .     u - +2 helmet
rElec  +         Dismiss  +     r - +2 cloak
rCorr  .         Reflect  .     w - +2 pair of gloves
SustAt .         Harm     .     C - +2 pair of boots
MR     ++...     NoTele   +     q - amulet of Cekugob {Dismiss -Tele rElec rPois rN++ AC+1 EV+1}
Stlth  +++++++...               z - ring of protection from magic
                                g - ring of protection from fire

@: mighty, regenerating slowly, very resistant to hostile enchantments,
extremely stealthy
A: fangs 3, see invisible, unbreathing
a: Bat Form, Channel Energy, Forget Spell, Renounce Religion


You were on level 1 of the Elven Halls.
You worshipped Sif Muna.
Sif Muna was exalted by your worship.
You were near bloodless.

You visited 5 branches of the dungeon, and saw 27 of its levels.

You collected 2613 gold pieces.
You spent 1716 gold pieces at shops.

Inventory:

Hand Weapons
 a - a +6 dagger of venom (weapon)
 W - a +2 dagger of protection
Armour
 b - a +2 robe
 r - a +2 cloak (worn)
 u - a +2 helmet (worn)
 w - a +2 pair of gloves (worn)
 A - a +3 buckler of protection (worn)
 C - a +2 pair of boots (worn)
 X - the +1 robe of Desa (worn) {rC+ Str+5}
   (You bought it in a shop on level 2 of the Orcish Mines)

   It affects your strength (+5).
   It protects you from cold.
Jewellery
 g - a ring of protection from fire (left hand)
 n - an uncursed ring of sustain attributes
 p - an uncursed ring of resist corrosion
 q - the amulet of Cekugob (around neck) {Dismiss -Tele rElec rPois rN++ AC+1 EV+1}
   (You found it on level 8 of the Lair of Beasts)

   [amulet of dismissal]

   It may teleport away creatures that harm you.
   It affects your AC (+1).
   It affects your evasion (+1).
   It insulates you from electricity.
   It protects you from poison.
   It greatly protects you from negative energy.
   It prevents most forms of teleportation.
 z - a ring of protection from magic (right hand)
Wands
 h - a wand of acid (15/15)
 v - a wand of disintegration (18/24)
 J - a wand of paralysis (22/24)
 M - a wand of iceblast (8/15)
 Q - a wand of teleportation (7/9)
Scrolls
 d - 8 scrolls of fog
 i - a scroll of enchant armour
 l - 6 scrolls of teleportation
 t - a scroll of magic mapping
 y - 3 scrolls of fear
 G - 4 scrolls of blinking
 O - 4 scrolls of remove curse
Potions
 j - 8 potions of curing
 k - a potion of might
 D - a potion of cure mutation
 K - a potion of haste
 T - 3 potions of magic
 Z - 2 potions of brilliance
Books
 e - Sif Muna's Volume of Aerial Confrontation
   (You found it on level 14 of the Dungeon)

   Spells                             Type                      Level
   a - Flame Tongue                   Conjuration/Fire             1
   b - Fulminant Prism                Conjuration/Hexes            4
   c - Bolt of Draining               Conjuration/Necromancy       5
   d - Fireball                       Conjuration/Fire             5
   e - Silence                        Hexes/Air                    5
 o - a book of Necromancy

   Spells                             Type                      Level
   a - Pain                           Necromancy                   1
   b - Animate Skeleton               Necromancy                   1
   c - Vampiric Draining              Necromancy                   3
   d - Regeneration                   Charms/Necromancy            3
   e - Animate Dead                   Necromancy                   4
   f - Control Undead                 Necromancy                   4
 x - a book of the Tempests

   Spells                             Type                      Level
   a - Static Discharge               Conjuration/Air              3
   b - Lightning Bolt                 Conjuration/Air              5
   c - Fireball                       Conjuration/Fire             5
   d - Tornado                        Air                          9
   e - Shatter                        Earth                        9
 B - a book of Unlife

   Spells                             Type                      Level
   a - Recall                         Summoning/Translocation      3
   b - Animate Dead                   Necromancy                   4
   c - Control Undead                 Necromancy                   4
   d - Cigotuvi's Embrace             Necromancy                   5
   e - Death Channel                  Necromancy                   6
   f - Simulacrum                     Ice/Necromancy               6
 E - a book of Enchantments

   Spells                             Type                      Level
   a - Cause Fear                     Hexes                        4
   b - Yara's Violent Unravelling     Hexes/Transmutation          5
   c - Silence                        Hexes/Air                    5
   d - Deflect Missiles               Charms/Air                   6
   e - Haste                          Charms                       6
   f - Discord                        Hexes                        8
 H - a book of Debilitation

   Spells                             Type                      Level
   a - Corona                         Hexes                        1
   b - Slow                           Hexes                        2
   c - Gell's Gravitas                Hexes/Translocation          3
   d - Inner Flame                    Hexes/Fire                   3
   e - Cause Fear                     Hexes                        4
   f - Leda's Liquefaction            Hexes/Earth                  4
 L - a book of the Warp

   Spells                             Type                      Level
   a - Recall                         Summoning/Translocation      3
   b - Gell's Gravitas                Hexes/Translocation          3
   c - Force Lance                    Conjuration/Translocation    4
   d - Warp Weapon                    Charms/Translocation         5
   e - Summon Forest                  Summoning/Translocation      5
 U - Sif Muna's Disquisition on the Voyage and Enhancements
   (Sif Muna gifted it to you on level 1 of the Orcish Mines)

   Spells                             Type                      Level
   a - Regeneration                   Charms/Necromancy            3
   b - Recall                         Summoning/Translocation      3
   c - Teleport Other                 Translocation                3
   d - Dispersal                      Translocation                6
   e - Malign Gateway                 Summoning/Translocation      7
 V - a book of Geomancy

   Spells                             Type                      Level
   a - Sandblast                      Earth                        1
   b - Passwall                       Transmutation/Earth          2
   c - Stone Arrow                    Conjuration/Earth            3
   d - Petrify                        Transmutation/Earth          4
   e - Lee's Rapid Deconstruction     Earth                        5


   Skills:
 + Level 8.5 Fighting
 - Level 7.3 Short Blades
 + Level 10.0 Dodging
 + Level 13.7 Stealth
 - Level 5.0 Shields
 * Level 11.6 Spellcasting
 + Level 13.4 Hexes
 + Level 7.5 Summonings
   Level 7.7 Necromancy
 + Level 5.9 Translocations
 - Level 3.3 Transmutations
 + Level 9.3 Ice Magic
 - Level 3.3 Earth Magic
 - Level 1.4 Invocations


You had 2 spell levels left.
You knew the following spells:

 Your Spells              Type           Power        Failure   Level  Hunger
a - Ensorcelled Hibernat  Hex/Ice        ######       1%          2    None
b - Confuse               Hex            ######..     1%          3    None
c - Discord               Hex            ######....   97%         8    #######
d - Cause Fear            Hex            ######....   1%          4    None
e - Tukima's Dance        Hex            ######..     1%          3    None
f - Gell's Gravitas       Hex/Tloc       ######....   1%          3    None
g - Metabolic Englaciati  Hex/Ice        ######....   1%          5    ####...
h - Summon Mana Viper     Hex/Summ       ######..     1%          5    ####...
i - Passwall              Trmt/Erth      ####......   1%          2    None


Dungeon Overview and Level Annotations

Branches:
Dungeon (15/15)            Temple (1/1) D:6            Lair (8/8) D:8
 Shoals (0/4) Lair:4       Spider (0/4) Lair:3        Slime (0/6) Lair:8
    Orc (2/2) D:12            Elf (1/3) Orc:2        Vaults (0/5) D:13
 Depths (0/5) D:15

Altars:
Ashenzari
Cheibriados
Dithmenos
Elyvilon
Fedhas
Gozag
Kikubaaqudgha
Makhleb
Nemelex Xobeh
Okawaru
Pakellas
Qazlal
Ru
Sif Muna
Trog
Vehumet
Xom
Yredelemnul
Zin
The Shining One
Beogh

Shops:
D:4 *   D:5 }   D:7 [   D:9 [   D:11 ?   D:12 [   D:14 *   D:15 =   Orc:1 *
Orc:2 [*(=   Elf:1 (

Annotations:
Lair:6 exclusion: oklob plant


Innate Abilities, Weirdness & Mutations

You heal slowly.
You have razor-sharp teeth.
You have supernaturally acute eyesight.
You can survive without breathing.


Message History

You block the deep elf mage's attack. The tarantella completely misses you.
You block the tarantella's attack.
Drink which item? (? for menu, Esc to quit)
You feel better.
The tarantella disappears in a puff of smoke!
The tarantella bites you but does no damage.
The demonic crawler barely misses you.
The demonic crawler closely misses you. x2
The tarantella barely misses you.
The deep elf mage gestures wildly while chanting.
The tarantella bites you!
* * * LOW HITPOINT WARNING * * *
You block the deep elf mage's attack.
The mace of holy wrath hits you but does no damage.
The demonic crawler hits you but does no damage.
The demonic crawler barely misses you. You block the demonic crawler's attack.
You puncture the tarantella!
You kill the tarantella!
The tarantella's corpse disappears in a puff of smoke!
The earth elemental hits you!!
You die...

#. .... ####'# ######
...... ...... ..... ......
####'##########'###
........sEE.......[
.......r(@.........
..(....Ees§........
.#####'#...########## .
...#....e#...#.....(..#. +.
...#....s#...#........#. #.
...#.....#...'........#..#.
...'.....#...#........'.§#.
...#....e#...#........#..#.
...#.....#...##'#######..#.


You could see a demonic crawler, 3 earth elementals, 2 deep elf magi, a
tarantella, a hell rat and a mace of holy wrath.

Vanquished Creatures
  An orc warlord (Orc:2)
  A stone giant (Orc:2)
  An ettin (Orc:2)
  6 hydras
  An ice dragon (Lair:8)
  3 centaur warriors (D:14)
  The ghost of nikopol the Cleaver, a novice HOBe of Trog (Lair:2)
  Sonja (Lair:1)
  2 deep elf knights
  4 unseen horrors
  A deep troll (D:15)
  3 hill giants
  3 orc knights (Orc:2)
  An orb spider (Lair:3)
  2 lindwurms (Lair:8)
  A manticore (Lair:4)
  An orc sorcerer (Orc:2)
  14 deep elf magi
  2 ugly things
  8 cyclopes
  3 griffons
  Maurice (Orc:2)
  3 centaur zombies
  11 elephants
  2 black mambas
  4 gargoyles
  5 torpor snails (Lair:8)
  2 kobold demonologists
  3 rime drakes
  16 spiny frogs
  An efreet (D:14)
  11 komodo dragons
  A queen bee (shapeshifter) (D:12)
  9 trolls
  5 polar bears (Lair:1)
  A merfolk (D:11)
  4 two-headed ogres
  15 blink frogs
  5 slime creatures
  4 giant leeches (Lair:8)
  2 boulder beetles
  Sigmund (D:6)
  3 wraiths
  A spriggan (D:11)
  2 wyverns
  A shadow (D:11)
  Eustachio (D:4)
  11 yaks
  A fire elemental (D:14)
  11 hippogriffs
  2 basilisks
  A human (D:11)
  2 humans (shapeshifter) (D:14)
  2 hungry ghosts
  2 steam dragons
  Menkaure (D:4)
  2 mottled dragons
  3 wargs (Orc:1)
  12 water moccasins
  16 orc warriors
  5 porcupines
  4 sky beasts
  7 ice beasts
  10 black bears
  7 wasps
  13 ogres
  A necrophage (D:9)
  5 phantoms
  2 eyes of draining
  6 wolves
  A boggart (D:15)
  17 centaurs
  13 crocodiles
  2 big kobolds
  18 giant frogs
  2 wyvern zombies
  4 scorpions
  24 killer bees
  3 wights (D:7)
  5 electric eels
  2 howler monkeys
  7 crimson imps
  3 giant frog zombies
  A lava snake (D:7)
  A quasit (D:11)
  8 hounds
  3 jellies
  Crazy Yiuf (D:4)
  14 orc wizards
  9 orc priests
  5 centaur skeletons
  2 giant frog skeletons
  12 iguanas
  Jessica (D:3)
  12 worker ants
  18 sheep
  A killer bee zombie (D:8)
  A worker ant zombie (D:8)
  15 adders
  9 gnolls
  87 river rats
  6 shadow imps
  2 oozes
  An adder zombie (D:5)
  2 adder skeletons
  24 worms
  2 dart slugs (D:2)
  5 giant geckos
  67 orcs
  A ball python (D:5)
  7 giant cockroaches
  11 goblins
  9 hobgoblins
  10 jackals
  8 kobolds
  6 quokkas
  A ball python zombie (D:5)
  4 bats
  3 giant newts
  A quokka skeleton (D:5)
  3 rats
  3 plants (Lair:8)
777 creatures vanquished.

Vanquished Creatures (collateral kills)
  The ghost of jazmu the Destroyer, a journeyman OpFE of Vehumet (Orc:2)
  2 ogre magi (D:15)
  4 dancing weapons
  A death knight (D:15)
  A tengu warrior (D:15)
  An orc high priest (Orc:2)
  A deep elf knight (D:15)
  8 skeletal warriors
  A flayed ghost (D:14)
  A deep elf archer (Elf:1)
  12 deep elf magi
  2 manticores (D:15)
  8 ugly things
  2 orc sorcerers (Orc:2)
  2 centaur skeletons
  3 freezing wraiths (D:15)
  2 trolls (Orc:2)
  A harpy skeleton (D:15)
  A hornet zombie (D:15)
  9 slime creatures
  A warg (Orc:2)
  10 orc warriors
  An ice beast (D:15)
  4 ogres
  4 boggarts (D:15)
  A centaur (D:14)
  A crocodile (Lair:6)
  A gnoll sergeant (D:12)
  10 wights (D:15)
  8 orc wizards
  8 orc priests
  A giant frog skeleton (D:10)
  4 gnolls (D:12)
  18 orcs
  A bush (D:14)
136 creatures vanquished.

Vanquished Creatures (others)
  An ettin (D:15)
  An unseen horror (D:15)
  A deep elf mage (Elf:1)
  A killer bee (D:11)
  An adder (D:11)
  A river rat (Lair:7)
  3 bushes (D:14)
  20 fungi
  13 plants (Lair:8)
42 creatures vanquished.

Grand Total: 955 creatures vanquished

Notes
Turn   | Place    | Note
--------------------------------------------------------------
     0 | D:1      | grisgris the Vampire Enchanter began the quest for the Orb.
     0 | D:1      | Reached XP level 1. HP: 13/13 MP: 3/3
   679 | D:1      | Reached XP level 2. HP: 10/19 MP: 3/5
   683 | D:1      | Learned a level 2 spell: Ensorcelled Hibernation
  1083 | D:2      | Found an oddly glowing altar of Pakellas.
  1388 | D:2      | Reached XP level 3. HP: 25/25 MP: 6/6
  1805 | D:2      | Reached skill level 1 in Ice Magic
  2118 | D:3      | Reached XP level 4. HP: 26/31 MP: 4/7
  2126 | D:3      | Reached skill level 1 in Fighting
  2189 | D:3      | Noticed Jessica
  2195 | D:3      | Killed Jessica
  2195 | D:3      | Reached skill level 5 in Hexes
  2382 | D:3      | Reached skill level 5 in Stealth
  2495 | D:3      | Learned a level 3 spell: Confuse
  2571 | D:3      | Found a bloodstained altar of Trog.
  2572 | D:3      | Found a glowing golden altar of the Shining One.
  2810 | D:3      | Reached XP level 5. HP: 37/37 MP: 8/8
  3164 | D:4      | Found a snail-covered altar of Cheibriados.
  3167 | D:4      | Reached XP level 6. HP: 44/44 MP: 10/10
  3169 | D:4      | Noticed Menkaure
  3232 | D:4      | Killed Menkaure
  3249 | D:4      | Noticed Eustachio
  3329 | D:4      | Killed Eustachio
  3329 | D:4      | Reached XP level 7. HP: 51/51 MP: 5/12
  3411 | D:4      | Noticed Crazy Yiuf
  3415 | D:4      | Killed Crazy Yiuf
  3448 | D:4      | Found Xaenwiniesh's General Store.
  3801 | D:5      | Entered Level 5 of the Dungeon
  4092 | D:5      | Reached XP level 8. HP: 58/58 MP: 2/14
  4131 | D:5      | Found Seunioff's Quality Used Wands.
  4206 | D:4      | Bought 2 scrolls of enchant armour for 150 gold pieces
  4253 | D:5      | Reached skill level 1 in Shields
  4620 | D:6      | Noticed Sigmund
  4630 | D:6      | Killed Sigmund
  4630 | D:6      | Reached skill level 5 in Spellcasting
  5007 | D:7      | Reached XP level 9. HP: 62/65 MP: 13/16
  5519 | D:7      | Found Pyzah's Armour Shoppe.
  5543 | D:7      | Reached skill level 5 in Dodging
  6120 | D:7      | Reached skill level 5 in Short Blades
  6356 | D:7      | Found a shadowy altar of Dithmenos.
  7203 | D:8      | Found a staircase to the Lair.
  7244 | D:8      | Noticed a troll
  7255 | D:8      | Killed a troll
  7311 | D:8      | Noticed a gargoyle
  7335 | D:8      | Killed a gargoyle
  7335 | D:8      | Reached XP level 10. HP: 53/73 MP: 11/19
  8129 | D:9      | Found a shimmering altar of Xom.
  8210 | D:9      | Reached skill level 5 in Ice Magic
  8562 | D:9      | Found Purig's Armour Shoppe.
  8565 | D:9      | Bought a +0 pair of boots for 72 gold pieces
  8627 | D:9      | Reached skill level 5 in Fighting
  8760 | D:10     | Entered Level 10 of the Dungeon
  9929 | D:10     | Reached XP level 11. HP: 80/80 MP: 17/22
 10492 | D:6      | Found a staircase to the Ecumenical Temple.
 10501 | Temple   | Entered the Ecumenical Temple
 10588 | Temple   | Became a worshipper of Sif Muna the Loreminder
 10625 | Temple   | Learned a level 6 spell: Simulacrum
 10630 | Temple   | Learned a level 4 spell: Cause Fear
 10634 | Temple   | Learned a level 3 spell: Recall
 10816 | Lair:1   | Entered Level 1 of the Lair of Beasts
 10818 | Lair:1   | Found a dark tunnel.
 10990 | Lair:1   | Reached skill level 1 in Necromancy
 11004 | Lair:1   | Noticed Sonja
 11013 | Lair:1   | Killed Sonja
 11013 | Lair:1   | Reached skill level 1 in Summonings
 11029 | Lair:1   | Reached * piety under Sif Muna
 11254 | Lair:1   | Reached skill level 1 in Translocations
 11441 | Lair:1   | Reached skill level 10 in Stealth
 11623 | Lair:1   | Reached skill level 1 in Invocations
 11820 | Lair:2   | Noticed nikopol's ghost (novice HOBe)
 11822 | Lair:2   | Reached skill level 10 in Hexes
 11878 | Lair:2   | Killed nikopol's ghost
 11878 | Lair:2   | Reached skill level 5 in Shields
 12305 | Lair:2   | Learned a level 3 spell: Gell's Gravitas
 12873 | Lair:3   | Reached ** piety under Sif Muna
 13176 | Lair:3   | Found a hole to the Spider Nest.
 13176 | Lair:3   | Noticed an orb spider
 13206 | Lair:3   | Killed an orb spider
 13511 | Lair:4   | Reached XP level 12. HP: 87/87 MP: 24/24
 13889 | Lair:4   | Found a staircase to the Shoals.
 13962 | Lair:4   | Noticed a four-headed hydra
 13976 | Lair:4   | Killed a four-headed hydra
 14310 | Lair:4   | Reached *** piety under Sif Muna
 14734 | Lair:5   | Found a labyrinth entrance.
 16009 | Lair:6   | Reached **** piety under Sif Muna
 16301 | Lair:6   | Noticed a seven-headed hydra
 16309 | Lair:6   | Killed a seven-headed hydra
 16309 | Lair:6   | Reached skill level 5 in Necromancy
 16963 | Lair:6   | You fall through a shaft for 2 floors!
 16963 | Lair:8   | Entered Level 8 of the Lair of Beasts
 16963 | Lair:8   | Found a staircase to the Slime Pits.
 17894 | Lair:7   | Reached XP level 13. HP: 94/94 MP: 17/26
 18185 | Lair:7   | Reached ***** piety under Sif Muna
 19105 | Lair:7   | Learned a level 5 spell: Metabolic Englaciation
 19247 | Lair:8   | Reached skill level 5 in Summonings
 19499 | Lair:8   | Reached skill level 10 in Spellcasting
 20044 | Lair:2   | Reached ****** piety under Sif Muna
 20044 | Lair:2   | Received a gift from Sif Muna
 20069 | Lair:2   | Identified Sif Muna's Papyrus of the Damaging Oath (Sif Muna gifted it to you on level 2 of the Lair of Beasts)
 20076 | Lair:2   | Learned a level 5 spell: Summon Mana Viper
 20612 | Lair:8   | Found a runed door.
 22467 | D:11     | Reached XP level 14. HP: 103/103 MP: 26/28
 22695 | D:10     | Learned a level 2 spell: Passwall
 25028 | D:11     | Found Aniysiott's Magic Scroll Shop.
 25036 | D:11     | Bought a scroll of identify for 22 gold pieces
 25036 | D:11     | Bought a scroll of acquirement for 572 gold pieces
 25036 | D:11     | Bought a scroll of blinking for 82 gold pieces
 25036 | D:11     | Bought a scroll of summoning for 104 gold pieces
 25167 | D:12     | Found Kamiack's Antique Armour Shop.
 25232 | D:12     | Found a staircase to the Orcish Mines.
 26353 | D:12     | Reached skill level 1 in Transmutations
 26527 | D:13     | Reached skill level 5 in Translocations
 26860 | D:13     | Reached skill level 1 in Earth Magic
 27177 | D:13     | Found a gate to the Vaults.
 27319 | Orc:1    | Entered Level 1 of the Orcish Mines
 27319 | Orc:1    | Found Datal's General Store.
 27922 | Orc:1    | You fall through a shaft!
 27922 | Orc:2    | Entered Level 2 of the Orcish Mines
 27922 | Orc:2    | Noticed Maurice
 27942 | Orc:2    | Killed Maurice
 28356 | Orc:1    | Received a gift from Sif Muna
 28364 | Orc:1    | Identified Sif Muna's Disquisition on the Voyage and Enhancements (Sif Muna gifted it to you on level 1 of the Orcish Mines)
 28677 | Orc:2    | Noticed an orc warlord
 29079 | Orc:2    | Found a roughly hewn altar of Beogh.
 29114 | Orc:2    | Killed an orc warlord
 29215 | Orc:2    | Noticed jazmu's ghost (journeyman OpFE)
 29239 | Orc:2    | Killed jazmu's ghost
 29255 | Orc:2    | Found Essetari's General Store.
 29259 | Orc:2    | Found Xapryeno's Jewellery Shop.
 29322 | Orc:2    | Found a staircase to the Elven Halls.
 29563 | Orc:2    | Found Zunt's Antique Weapon Shop.
 29579 | Orc:2    | Found Higoitru's Antique Armour Shop.
 29586 | Orc:2    | Bought a warped robe for 159 gold pieces
 29596 | Orc:2    | Identified the cursed +1 robe of Desa {rC+ Str+5} (You bought it in a shop on level 2 of the Orcish Mines)
 30791 | Lair:2   | Learned a level 3 spell: Tukima's Dance
 31401 | D:14     | Identified Sif Muna's Volume of Aerial Confrontation
 31643 | D:14     | Found Niaffaim's Assorted Antiques.
 31648 | D:14     | Bought a paperback book for 555 gold pieces
 31718 | D:14     | Reached XP level 15. HP: 110/110 MP: 17/30
 32110 | D:15     | Entered Level 15 of the Dungeon
 32140 | D:15     | Found Uraod's Jewellery Shoppe.
 32455 | D:15     | Found a sacrificial altar of Ru.
 33598 | D:15     | Found a staircase to the Depths.
 34570 | D:15     | Received a gift from Sif Muna
 34586 | D:15     | Learned a level 8 spell: Discord
 35284 | Elf:1    | Entered Level 1 of the Elven Halls
 36361 | Elf:1    | Found Izxol's Antique Weapon Shop.
 36968 | Elf:1    | Reached skill level 10 in Dodging
 37491 | Elf:1    | Slain by an earth elemental

Skill      XL: |  1  2  3  4  5  6  7  8  9 10 11 12 13 14 15 |
---------------+----------------------------------------------+-----
Short Blades   | 2 3 4 5 6 7 |  7.3
Ice Magic      | 1 2 3 4 5 6 7 8 9 |  9.3
Fighting       | 1 2 3 4 5 6 7 8 |  8.5
Hexes          | 5 6 7 8 9 10 11 12 13 | 13.4
Stealth        | 5 6 7 8 9 10 11 12 13 | 13.7
Dodging        | 3 4 5 6 7 8 9 10 | 10.0
Spellcasting   | 3 4 5 6 7 8 9 10 11 | 11.6
Shields        | 2 3 4 5 |  5.0
Necromancy     | 3 5 6 7 |  7.7
Summonings     | 2 3 5 6 7 |  7.5
Translocations | 2 3 4 5 |  5.9
Invocations    | 1 |  1.4
Transmutations | 2 3 |  3.3
Earth Magic    | 2 3 |  3.3

Action                   |  1- 3 |  4- 6 |  7- 9 | 10-12 | 13-15 || total
-------------------------+-------+-------+-------+-------+-------++-------
Melee: Dagger            |   154 |    68 |    48 |   449 |   984 ||  1703
       Bite              |    10 |     6 |    23 |    43 |    89 ||   171
       Short sword       |       |    43 |   313 |   114 |       ||   470
 Cast: Corona            |     7 |       |     1 |       |       ||     8
       Ensorcelled Hiber |    25 |    18 |    49 |   200 |   356 ||   648
       Confuse           |       |     6 |    41 |    67 |   120 ||   234
       Simulacrum        |       |       |       |     1 |       ||     1
       Metabolic Englaci |       |       |       |       |     3 ||     3
       Summon Mana Viper |       |       |       |       |   162 ||   162
Invok: Channel Energy    |       |       |       |     2 |       ||     2
       Forget Spell      |       |       |       |       |     2 ||     2
 Abil: End Transformatio |       |       |     1 |     2 |    11 ||    14
       Bat Form          |       |       |     1 |     2 |    11 ||    14
Evoke: Wand              |       |       |       |     5 |     2 ||     7
  Use: Scroll            |     6 |     1 |    14 |    16 |    21 ||    58
       Potion            |     3 |     3 |     1 |     8 |    14 ||    29
 Stab: Sleeping          |    18 |    24 |    45 |   192 |   275 ||   554
       Confused          |       |     5 |    23 |    42 |    74 ||   144
       Distracted        |       |       |       |       |     2 ||     2
  Eat: Corpse            |       |       |       |     1 |     2 ||     3
Armor: Robe              |    31 |    13 |    54 |    88 |   216 ||   402
Dodge: Dodged            |    95 |    37 |   134 |   286 |   530 ||  1082
Block: Buckler           |       |       |    70 |   150 |   288 ||   508
